 Dungeon Crawl Stone Soup version 0.32-a0-433-g08bcfe7efd (webtiles) character file.

Game seed: 13305652691537645934

903 ragingrage the Slasher (level 8, 0/56 HPs)
             Began as a Coglin Warper on Feb 23, 2024.
             Was a Follower of Beogh.
             Splashed by a jelly's acid (5 damage)
             ... on level 5 of the Dungeon.
             The game lasted 00:06:05 (3573 turns).

ragingrage the Slasher (Coglin Warper)              Turns: 3573, Time: 00:06:06

Health: 0/56       AC: -6    Str: 12    XL:     8   Next: 7%
Magic:  0/10       EV:  9    Int: 13    God:    Beogh [*.....]
Gold:   172        SH:  0    Dex: 21    Spells: 10/10 levels left

rFire   . . .        z - +1 dagger (venom) {Fernanda}
rCold   . . .        A - +1 short sword (elec) {Kyoko}
rNeg    . . .        s - +0 scale mail
rPois   .            l - +2 hat
rElec   .            (no cloak)
rCorr   .            g - +0 pair of gloves
SInv    .            (no boots)
Will    .....        u - amulet of guardian spirit
Stlth   +            k - +6 ring of dexterity
HPRegen 0.29/turn    (no ring)
MPRegen 0.12/turn

%: guardian spirit
@: corroded, immotile, revved
A: off-hand wielding, slow wielding, warmup strikes, legs shutdown
a: Renounce Religion


You were on level 5 of the Dungeon.
You worshipped Beogh.
Beogh was aware of your devotion.
You visited 1 branch of the dungeon, and saw 5 of its levels.

You collected 172 gold pieces.

Inventory:

Hand Weapons
 a - a +0 falchion {Rubén}
 x - a +2 dagger of freezing {Udom}
 z - a +1 dagger of venom (weapon) {Fernanda}
 A - a +1 short sword of electrocution (offhand) {Kyoko}
Missiles
 d - 6 darts of dispersal
 i - a poisoned dart (quivered)
 o - 5 atropa-tipped darts
Armour
 g - a +0 pair of gloves (worn)
 l - a +2 hat (worn)
 s - a +0 scale mail (worn)
Jewellery
 k - a +6 ring of dexterity (left grasper)
 u - an amulet of guardian spirit (around neck)
Scrolls
 c - 2 scrolls of blinking
 h - 5 scrolls of identify {unknown}
 j - a scroll of poison {unknown}
 n - 2 scrolls of fog {unknown}
 r - a scroll of vulnerability {unknown}
 t - 2 scrolls of enchant armour {unknown}
 w - a scroll of immolation {unknown}
 y - a scroll of fear {unknown}
Potions
 b - a potion of lignification {unknown}
 e - a potion of might {unknown}
 f - 2 potions of curing
 m - 3 potions of enlightenment {unknown}
 p - 3 potions of magic {unknown}
 q - a potion of attraction {unknown}
 v - a potion of haste {unknown}


   Skills:
 - Level 2.0 Fighting
 + Level 4.6(6.2) Short Blades
 - Level 7.0(7.8) Long Blades
 - Level 0.8 Throwing
 - Level 0.8 Armour
 - Level 1.7 Dodging
 - Level 2.0 Stealth
 - Level 1.7 Spellcasting
 - Level 3.0 Translocations


You had 10 spell levels left.
You didn't know any spells.
Your spell library contained the following spells:

 Spells                   Type           Power      Damage    Failure   Level
 Blink                    Tloc           16%        N/A       52%         2
 Lesser Beckoning         Tloc           16%        N/A       52%         2
 Gell's Gravitas          Tloc           8%         N/A       77%         3
 Teleport Other           Tloc           8%         N/A       77%         3
 Sting                    Conj/Alch      4%         1d3       80%         1
 Mercury Vapours          Alch/Air       2%         N/A       91%         2
 Manifold Assault         Tloc           8%         N/A       99%         4
 Olgreb's Toxic Radiance  Alch           1%         N/A       100%        4
 Vhi's Electric Charge    Tloc/Air       10%        N/A       100%        4


Dungeon Overview and Level Annotations

Branches:
Dungeon (5/15)
 Temple: D:4-7

Altars:
Ashenzari
Zin


Innate Abilities, Weirdness & Mutations

You can wield a second weapon in your off-hand.
It takes a long time for you to wield or remove held weapons.
Your first few attacks do less damage.
Attacking and casting redirects power from your legs.


Message History

The jelly quivers.
You throw a poisoned dart. The poisoned dart hits the ogre.
The ogre is poisoned.
You throw a poisoned dart. The poisoned dart hits the ogre.
The ogre looks even sicker.
You are no longer unable to travel.
You hit the ogre with your +1 short sword of electrocution.
Lightning courses through the ogre!
You kill the ogre!
You have reached level 8!
You feel stronger.
You are no longer unable to travel.
You hit the jelly with your +1 dagger of venom.
Your graspers burn!
You hit the jelly with your +1 short sword of electrocution.
Your graspers burn!
The jelly hits you but does no damage.
You hit the jelly but do no damage. The acid corrodes you!
Your graspers burn!
You hit the jelly but do no damage.
Your graspers burn!
The jelly hits you but does no damage.
You hit the jelly with your +1 dagger of venom.
The jelly is poisoned.
Your graspers burn!
You hit the jelly but do no damage. The acid corrodes you!
Your graspers burn!
You hit the jelly but do no damage.
Your graspers burn!
You barely miss the jelly with your +1 short sword of electrocution.
The jelly hits you. The acid corrodes you!
You are splashed with acid!
You completely miss the jelly with your +1 dagger of venom.
You hit the jelly but do no damage.
Your graspers burn!
The jelly closely misses you.
You hit the jelly but do no damage.
Your graspers burn!
* * * LOW HITPOINT WARNING * * *
You hit the jelly but do no damage.
Your graspers burn!
* * * LOW HITPOINT WARNING * * *
You hit the jelly but do no damage.
Your graspers burn!
* * * LOW HITPOINT WARNING * * *
You hit the jelly but do no damage.
Your graspers burn!
* * * LOW HITPOINT WARNING * * *
The jelly hits you.
* * * LOW HITPOINT WARNING * * *
The acid corrodes you!
You are splashed with acid.
You die...

#.# ###.## #..... #.#.##
#.#... ####### #.#..# #.....#
#.#..#
#################.....###.#...
........((.JJ@................
#......#########.....##......
#......#########.....##......
#......#.....................
#......#.#######[....##......
#......# ########......
.....J..# #...... ........#
#####.. ........# ####.#


You could see 2 jellies.

Vanquished Creatures
  Duvessa (D:4)
  2 ogres
  A phantom (D:5)
  Blork the orc (D:4)
  A scorpion (D:4)
  Dowan (D:4)
  A howler monkey (D:3)
  2 hounds (D:5)
  An orc priest (D:3)
  A sleepcap (D:4)
  2 iguanas
  2 orc wizards
  Robin (D:3)
  3 adders
  A river rat (D:4)
  A dart slug (D:1)
  3 ribbon worms
  An orc (D:4)
  9 ball pythons
  5 endoplasms
  A giant cockroach (D:1)
  6 hobgoblins
  4 jackals (D:2)
  8 kobolds
  2 quokkas
  6 bats
  7 frilled lizards
  14 goblins
  A rat (D:1)
89 creatures vanquished.

Vanquished Creatures (others)
  An orc (D:4)
1 creature vanquished.

Grand Total: 90 creatures vanquished

Notes
Turn   | Place    | Note
-------+----------+-------------------------------------------
     0 | D:1      | ragingrage the Coglin Warper began the quest for the Orb.
     0 | D:1      | Reached XP level 1. HP: 16/16 MP: 3/3
   198 | D:1      | Reached XP level 2. HP: 22/22 MP: 4/4
   335 | D:1      | Reached skill level 3 in Long Blades
   686 | D:2      | Reached XP level 3. HP: 27/27 MP: 5/5
   885 | D:2      | Found a faded altar of an unknown god.
  1283 | D:3      | Reached skill level 1 in Stealth
  1430 | D:3      | Found a glowing silver altar of Zin.
  1527 | D:3      | Reached skill level 4 in Long Blades
  1527 | D:3      | Reached XP level 4. HP: 28/33 MP: 6/6
  1808 | D:4      | Found a broken altar of Ashenzari.
  1822 | D:4      | Became a worshipper of Beogh the Shepherd
  1956 | D:4      | Noticed Robin
  1993 | D:3      | Killed Robin
  2019 | D:3      | Reached XP level 5. HP: 25/37 MP: 5/7
  2166 | D:4      | Noticed Dowan
  2224 | D:3      | Reached skill level 5 in Long Blades
  2349 | D:4      | Reached * piety under Beogh
  2453 | D:3      | Reached XP level 6. HP: 27/44 MP: 4/8
  2693 | D:4      | Reached skill level 6 in Long Blades
  2811 | D:4      | Noticed Duvessa
  2822 | D:4      | Killed Duvessa
  2823 | D:4      | Reached skill level 7 in Long Blades
  2823 | D:4      | Reached XP level 7. HP: 45/50 MP: 9/9
  2832 | D:4      | Killed Dowan
  2833 | D:4      | Reached skill level 1 in Short Blades
  3158 | D:4      | Noticed Blork the orc
  3170 | D:4      | Killed Blork the orc
  3237 | D:5      | Entered Level 5 of the Dungeon
  3566 | D:5      | Reached XP level 8. HP: 56/56 MP: 10/10
  3573 | D:5      | Splashed by a jelly's acid

Illustrated notes

Levels and vault maps discovered:
D:1:      dpeg_arrival_windows_large_door, layout_basic
D:2:      layout_basic, hellmonk_ecumenical_altar_dog_temple,
          minmay_tiny_reverse_x
D:3:      layout_loops_ring, zin_academy, hangedman_decor_push,
          hangedman_abyss_or_decor_stabs, nicolae_titane
D:4:      layout_gridville, evilmike_ruin_ashenzari,
          mainiacjoe_sewer_entry_somewhere_in_here_2, uniq_robin,
          uniq_blork_the_orc, uniq_duvessa
D:5:      layout_basic, serial_shops, nicolae_inconvenience_store, hex_large

Skill      XL: |  1  2  3  4  5  6  7 |
---------------+----------------------+-----
Long Blades    | 3 4 5 7 |  7.0
Stealth        | 1 2 |  2.0
Short Blades   | 4 |  4.6
Fighting       | |  2.0
Throwing       | |  0.8
Armour         | |  0.8
Dodging        | |  1.7
Spellcasting   | |  1.7
Translocations | |  3.0

Action                     |  1- 3 |  4- 6 |  7- 9 || total
---------------------------+-------+-------+-------++-------
  Melee: Falchion          |   126 |    81 |     4 ||   211
         Short sword       |    37 |    33 |    55 ||   125
         Dagger            |       |    46 |    57 ||   103
  Throw: Dart              |       |     4 |     6 ||    10
 Invoke: Convert to Beogh  |       |     1 |       ||     1
    Use: Potion            |       |       |     1 ||     1
   Stab: Sleeping          |     1 |       |       ||     1
         Invisible         |       |     1 |       ||     1
 Armour: Leather armour    |    71 |       |       ||    71
         Scale mail        |     9 |    76 |    34 ||   119
  Dodge: Dodged            |    67 |    53 |    21 ||   141

Table legend: (Time is in decaauts)
 A = Elapsed time spent in this place.
 B = Non-inter-level travel time spent in this place.
 C = Inter-level travel time spent in this place.
 D = Time resting spent in this place.
 E = Time spent auto-exploring this place.
 F = Levels seen in this place.
 G = Mean time per level.
                   A        B        C        D        E       F      G
               +--------+--------+--------+--------+--------+-----+--------+
         Total |   3584 |   3397 |    187 |    327 |   2151 |   5 |  716.8 |
       Dungeon |   3584 |   3397 |    187 |    327 |   2151 |   5 |  716.8 |
               +--------+--------+--------+--------+--------+-----+--------+

Top non-repeatable levels by time:
     D:4: 1038 daAuts
     D:3: 981 daAuts
     D:1: 657 daAuts
     D:2: 582 daAuts
     D:5: 325 daAuts
